 Dungeon Crawl Stone Soup version 0.31-a0-180-g519b7de00c (webtiles) character file.

Game seed: 10736220894248320494

23 avis the Caller (level 2, -1/11 HPs)
             Began as a Felid Summoner on June 19, 2023.
             Succumbed to an adder's poison
             ... on level 2 of the Dungeon.
             The game lasted 00:07:26 (1248 turns).

avis the Caller (Felid Summoner)                    Turns: 1248, Time: 00:07:27

Health: -1/11      AC:  1    Str:  4    XL:     2   Next: 75%
Magic:  0/6        EV: 17    Int: 16    God:
Gold:   10         SH:  0    Dex: 16    Spells: 3/6 levels left
                                        Lives:  0   Deaths: 0

rFire   . . .        (weapon unavailable)
rCold   . . .        (shield unavailable)
rNeg    . . .        (body armour unavailable)
rPois   .            (helmet unavailable)
rElec   .            (cloak unavailable)
rCorr   .            (gloves unavailable)
SInv    +            (boots unavailable)
Will    .....        (no amulet)
Stlth   ++           (no ring)
HPRegen 0.21/turn    (no ring)
MPRegen 0.10/turn

%: no passive effects
@: lethally poisoned (-1 -> -7), attractive, quick
A: very small, claws 1, fangs 3, see invisible, speed 1, shaggy fur 1, stealthy
paws, no weapons or thrown items, no armour, multi-lived
a: no special abilities


You were on level 2 of the Dungeon.
You visited 1 branch of the dungeon, and saw 2 of its levels.

You collected 10 gold pieces.

Inventory:

Scrolls
 b - a scroll of identify {unknown}
Potions
 a - a potion of magic
 d - a potion of mutation {unknown}


   Skills:
 - Level 2.6 Dodging
 - Level 2.6 Stealth
 * Level 2.8 Spellcasting
 + Level 4.3 Summonings


You had 3 spell levels left.
You knew the following spells:

 Your Spells              Type           Power      Damage    Failure   Level
a - Summon Small Mammal   Summ           64%        N/A       3%          1
c - Call Imp              Summ           32%        N/A       4%          2

Your spell library contained the following spells:

 Spells                   Type           Power      Damage    Failure   Level
 Call Canine Familiar     Summ           16%        N/A       10%         3
 Summon Guardian Golem    Hex/Summ       9%         N/A       24%         3
 Summon Lightning Spire   Summ/Air       9%         N/A       61%         4


Dungeon Overview and Level Annotations

Branches:
Dungeon (2/15)

Altars:


Innate Abilities, Weirdness & Mutations

You have sharp claws.
You have razor-sharp teeth.
You have supernaturally acute eyesight. (SInv)
You cover ground quickly. (Speed+)
You are covered in fur. (AC +1)
Your paws help you pounce on unaware monsters.
You are incapable of wielding weapons or throwing items.
You cannot wear armour.
You gain extra lives every three experience levels.


Message History

Your bat closely misses the adder.
Your bat misses the adder.
Your cerulean imp hits the adder from afar with a -3 spear.
The adder attacks as you move away! The adder closely misses you.
Your bat misses the adder.
Your bat hits the adder but does no damage.
The adder attacks as you move away! The adder misses you.
Your cerulean imp disappears in a puff of smoke!
Your bat barely misses the adder.
Casting: Summon Small Mammal (safe; 3% risk of failure)
Confirm with . or Enter, or press ? or * to list all spells.
Your bat disappears in a puff of smoke!
The adder completely misses you.
Your bat hits the adder. Your bat hits the adder. The adder misses you.
You swap places.
Your bat hits the adder but does no damage.
The adder bites your bat but does no damage.
Your bat closely misses the adder.
Your bat closely misses the adder.
Your bat misses the adder.
Your bat hits the adder but does no damage.
Your bat hits the adder. The adder closely misses your bat.
Your bat barely misses the adder.
The adder is attracted toward you.
Casting: Summon Small Mammal (safe; 3% risk of failure)
Confirm with . or Enter, or press ? or * to list all spells.
Your bat disappears in a puff of smoke!
Your bat closely misses the adder.
Your bat completely misses the adder.
The adder closely misses you.
A hobgoblin comes into view.
Your bat barely misses the adder.
The hobgoblin is attracted toward you.
You swap places.
Found a short sword.
The adder bites your rat.
Your rat barely misses the adder.
The hobgoblin shouts!
The hobgoblin is attracted toward you.
You hear an angry hiss.
The adder closely misses your rat.
Your rat bites the adder.
The adder is attracted toward you. The adder attacks as you move away!
The adder bites you.
* * * LOW HITPOINT WARNING * * *
You are lethally poisoned!
The adder poisons you!
You die...

##.##.# #...#.#
...... ... .# ##.#
.# ##..# .#
######...##.#
).......S.#.#
#####.rg#@#
#.....## #§#....#
#.#..§....
#b#........
#§#.#.....#
#.#.##...##
##########.#.#
#.##
#............###.#


You could see an adder.

Vanquished Creatures (collateral kills)
  2 dart slugs (D:1)
  2 ball pythons (D:1)
  5 endoplasms (D:1)
  A goblin (D:1)
  2 kobolds (D:1)
  A quokka (D:1)
  2 frilled lizards
  4 rats (D:1)
19 creatures vanquished.

Notes
Turn   | Place    | Note
-------+----------+-------------------------------------------
     0 | D:1      | avis the Felid Summoner began the quest for the Orb.
     0 | D:1      | Reached XP level 1. HP: 7/7 MP: 4/4
   119 | D:1      | Found a faded altar of an unknown god.
   192 | D:1      | Reached XP level 2. HP: 11/11 MP: 1/6
   238 | D:1      | Learned a level 2 spell: Call Imp
  1248 | D:2      | Succumbed to an adder's poison

Illustrated notes

Levels and vault maps discovered:
D:1:      nzn_arrival_settlement, layout_basic,
          shapermc_ecumenical_altar_starsandcircs
D:2:      layout_loops_ring, uniq_terence

Action                     || total
---------------------------++-------
  Melee: Unarmed           ||     7
   Cast: Summon Small Mamm ||    38
         Call Imp          ||    10
    Use: Potion            ||     1
 Armour: Skin              ||     1
  Dodge: Dodged            ||    24

Table legend: (Time is in decaauts)
 A = Elapsed time spent in this place.
 B = Non-inter-level travel time spent in this place.
 C = Inter-level travel time spent in this place.
 D = Time resting spent in this place.
 E = Time spent auto-exploring this place.
 F = Levels seen in this place.
 G = Mean time per level.
                   A        B        C        D        E       F      G
               +--------+--------+--------+--------+--------+-----+--------+
         Total |   1104 |   1016 |     88 |    158 |    613 |   2 |  552.0 |
       Dungeon |   1104 |   1016 |     88 |    158 |    613 |   2 |  552.0 |
               +--------+--------+--------+--------+--------+-----+--------+

Top non-repeatable levels by time:
     D:1: 1034 daAuts
     D:2: 69 daAuts
